 Dungeon Crawl Stone Soup version 0.30.1-4-g462c640d31 (webtiles) character file.

Game seed: 9068437540587673584

537 GordonOverkill the Stinger (level 7, -21/50 HPs)
             Began as a Formicid Wanderer on Aug 17, 2023.
             Demolished by an ogre
             ... wielding a +0 giant spiked club
              (26 damage)
             ... on level 5 of the Dungeon.
             The game lasted 00:15:32 (5720 turns).

GordonOverkill the Stinger (Formicid Wanderer)      Turns: 5720, Time: 00:15:33

Health: -21/50     AC:  4    Str: 12    XL:     7   Next: 50%
Magic:  11/15      EV: 10    Int: 18    God:
Gold:   185        SH:  5    Dex: 20    Spells: 6/15 levels left

rFire   . . .        w - +0 dagger
rCold   . . .        (no shield)
rNeg    . . .        j - +0 leather armour "Feykhlif" {Int+2 Dex+3}
rPois   .            (helmet unavailable)
rElec   +            (no cloak)
rCorr   .            (no gloves)
SInv    +            d - +0 pair of boots
Will    .....        s - amulet of reflection
Stlth   +++          y - ring of flight
HPRegen 0.28/turn    (no ring)
MPRegen 0.14/turn

%: reflection
@: flying
A: permanent stasis, dig shafts and tunnels, antennae 3, four strong arms, agile
1, deterioration 1, high MP 1, electricity resistance, evolution 1
a: Dig, Shaft Self


You were on level 5 of the Dungeon.
You visited 1 branch of the dungeon, and saw 5 of its levels.

You collected 185 gold pieces.

Inventory:

Hand Weapons
 w - a +0 dagger (weapon)
Armour
 c - a +0 robe
 d - a +0 pair of boots (worn)
 j - the +0 leather armour "Feykhlif" (worn) {Int+2 Dex+3}
   (You found it on level 2 of the Dungeon)

   Int:       It affects your intelligence (+2).
   Dex:       It affects your dexterity (+3).
Magical Staves
 a - a staff of air
 e - a staff of conjuration
Jewellery
 s - an amulet of reflection (around neck)
 y - a ring of flight (left hand)
Wands
 k - a wand of iceblast (7)
 l - a wand of polymorph (10)
 t - a wand of digging (4)
Scrolls
 b - 3 scrolls of vulnerability {unknown}
 f - a scroll of immolation {unknown}
 g - a scroll of poison {unknown}
 h - a scroll of torment {unknown}
 i - 2 scrolls of identify {unknown}
 p - a scroll of amnesia {unknown}
 u - 2 scrolls of noise {unknown}
 v - 3 scrolls of magic mapping {unknown}
Potions
 m - 2 potions of ambrosia {unknown}
 n - 3 potions of heal wounds {unknown}
 o - a potion of curing
 q - 2 potions of brilliance {unknown}
 r - a potion of invisibility {unknown}
 x - a potion of magic


   Skills:
 + Level 2.0 Fighting
 - Level 2.0 Armour
 - Level 3.6 Stealth
 + Level 4.8 Spellcasting
 - Level 1.0 Summonings
 + Level 1.6 Air Magic
 + Level 7.8 Poison Magic


You had 6 spell levels left.
You knew the following spells:

 Your Spells              Type           Power      Damage    Failure   Level
a - Sting                 Tmut/Pois      72%        1d6       3%          1
b - Poisonous Vapours     Pois/Air       42%        N/A       3%          2
c - Mephitic Cloud        Conj/Pois/Air  15%        N/A       14%         3
d - Spider Form           Tmut/Pois      18%        N/A       11%         3

Your spell library contained the following spells:

 Spells                   Type           Power      Damage    Failure   Level
 Summon Small Mammal      Summ           32%        N/A       12%         1
 Ensorcelled Hibernation  Hex/Ice        8%         N/A       26%         2
 Summon Guardian Golem    Hex/Summ       6%         N/A       38%         3
 Anguish                  Hex/Necr       2%         N/A       86%         4


Dungeon Overview and Level Annotations

Branches:
Dungeon (5/15)
 Temple: D:4-7

Altars:

Shops:
D:5 (

Annotations:
D:4 Menkaure


Innate Abilities, Weirdness & Mutations

You cannot be hasted, slowed, berserked, paralysed or teleported.
You can dig through walls and to a lower floor.
You have a pair of large antennae on your head. (SInv)
Your four strong arms can wield two-handed weapons with a shield.
You are agile. (Dex +4, Str/Int -1)
Your body sometimes deteriorates upon taking damage.
You have an increased reservoir of magic. (+10% MP)
You are resistant to electric shocks. (rElec)
You have hidden genetic potential.


Message History

You puncture the ogre!
The ogre is heavily wounded.
The ogre hits you with a +0 giant spiked club!!
* * * LOW HITPOINT WARNING * * *
Casting: Spider Form (dangerous; 11% risk of failure)
Confirm with . or Enter, or press ? or * to list all spells.
Aiming: Sting (safe; 3% risk of failure)
Press: ? - help, Shift-Dir - straight line, f - ogre
Aim: an ogre, wielding a +0 giant spiked club (heavily wounded, 88% to hit)
The sting hits the ogre.
The ogre is poisoned.
The ogre is heavily wounded.
The ogre barely misses you.
Casting: Sting (safe; 3% risk of failure)
Confirm with . or Enter, or press ? or * to list all spells.
Aiming: Sting (safe; 3% risk of failure)
Press: ? - help, Shift-Dir - straight line, f/p - ogre
Aim: an ogre, wielding a +0 giant spiked club (heavily wounded, poisoned, 88% to hit)
The sting hits the ogre but does no damage.
The ogre looks even sicker.
The ogre is heavily wounded.
Casting: Sting (safe; 3% risk of failure)
Confirm with . or Enter, or press ? or * to list all spells.
Aiming: Sting (safe; 3% risk of failure)
Press: ? - help, Shift-Dir - straight line, f/p - ogre
Aim: an ogre, wielding a +0 giant spiked club (heavily wounded, very poisoned, 88% to hit)
The sting hits the ogre.
The ogre looks even sicker.
The ogre is severely wounded.
The ogre hits you with a +0 giant spiked club!!
Ouch! That really hurt!
* * * LOW HITPOINT WARNING * * *
Casting: Sting (safe; 3% risk of failure)
Confirm with . or Enter, or press ? or * to list all spells.
Aiming: Sting (safe; 3% risk of failure)
Press: ? - help, Shift-Dir - straight line, f/p - ogre
Aim: an ogre, wielding a +0 giant spiked club (severely wounded, very poisoned, 88% to hit)
The sting hits the ogre.
The ogre looks as sick as possible!
The ogre is severely wounded.
The ogre hits you with a +0 giant spiked club!!
Ouch! That really hurt!
You die...

..... .....
............#
.....
............#
.....
............#
###..
............#
.
............#
............#
............#
.......@....#
......O...$.#
............#
............#
............#
............#
......#######
.#####


You could see an ogre (extremely poisoned).

Vanquished Creatures
  A sky beast (D:3)
  A scorpion (D:5)
  2 orc priests (D:4)
  2 iguanas
  4 orc wizards (D:4)
  Robin (D:2)
  6 adders
  4 dart slugs
  9 orcs
  12 ball pythons
  7 endoplasms
  4 giant cockroaches
  11 goblins
  8 hobgoblins
  5 jackals
  5 kobolds
  4 quokkas
  9 bats
  6 rats
101 creatures vanquished.

Notes
Turn   | Place    | Note
-------+----------+-------------------------------------------
     0 | D:1      | GordonOverkill the Formicid Wanderer began the quest for
                  | the Orb.
     0 | D:1      | GordonOverkill set off with the following items: a +0 club,
                  | a potion of curing, a +0 robe, a +0 pair of boots; and the
                  | following spells available to memorise: Sting, Poisonous
                  | Vapours, Summon Small Mammal, Mephitic Cloud, Summon
                  | Guardian Golem.
     0 | D:1      | Reached XP level 1. HP: 13/13 MP: 2/2
     2 | D:1      | Learned a level 1 spell: Sting
   481 | D:1      | Reached XP level 2. HP: 20/20 MP: 2/4
   508 | D:1      | Reached skill level 1 in Fighting
  1009 | D:1      | Reached XP level 3. HP: 23/26 MP: 2/5
  1657 | D:1      | Learned a level 2 spell: Poisonous Vapours
  1677 | D:2      | Identified the +0 leather armour "Feykhlif" {Int+2 Dex+3}
  1743 | D:2      | Found a faded altar of an unknown god.
  1754 | D:2      | You fall into a shaft and drop 2 floors!
  2086 | D:4      | Noticed Menkaure
  2100 | D:4      | You fall into a shaft and drop 1 floor!
  2100 | D:5      | Entered Level 5 of the Dungeon
  2205 | D:5      | Reached skill level 6 in Poison Magic
  2205 | D:5      | Reached XP level 4. HP: 33/33 MP: 0/7
  2346 | D:5      | Found Beal Rua's Weapon Boutique.
  2374 | D:5      | Noticed a scorpion
  2383 | D:5      | Killed a scorpion
  2384 | D:5      | Reached XP level 5. HP: 32/38 MP: 1/9
  2639 | D:4      | Reached XP level 6. HP: 29/44 MP: 4/11
  2760 | D:4      | Gained mutation: You are weak. (Str -2) [potion of
                  | mutation]
  2760 | D:4      | Gained mutation: You occasionally shout uncontrollably at
                  | your foes. [potion of mutation]
  2761 | D:4      | Lost mutation: You occasionally shout uncontrollably at
                  | your foes. [potion of mutation]
  2761 | D:4      | Lost mutation: You are weak. (Str -2) [potion of mutation]
  2761 | D:4      | Gained mutation: You are resistant to electric shocks.
                  | (rElec) [potion of mutation]
  2761 | D:4      | Gained mutation: Your body sometimes deteriorates upon
                  | taking damage. [potion of mutation]
  2761 | D:4      | Gained mutation: You have hidden genetic potential. [potion
                  | of mutation]
  2761 | D:4      | Gained mutation: You have an increased reservoir of magic.
                  | (+10% MP) [potion of mutation]
  2906 | D:4      | Reached skill level 7 in Poison Magic
  3160 | D:4      | Learned a level 3 spell: Mephitic Cloud
  3590 | D:2      | Noticed Robin
  3605 | D:2      | Reached XP level 7. HP: 46/50 MP: 10/14
  3805 | D:2      | Killed Robin
  3811 | D:2      | Gained mutation: You are agile. (Dex +4, Str/Int -1)
                  | [hidden potential]
  3863 | D:2      | Reached skill level 1 in Air Magic
  5652 | D:4      | Learned a level 3 spell: Spider Form
  5720 | D:5      | Demolished by an ogre

Illustrated notes

Levels and vault maps discovered:
D:1:      dpeg_arrival_shelter, layout_basic, minmay_tromino_mix6
D:2:      layout_basic, dreamdust_ecumenical_altar_angels_and_demons, uniq_robin
D:3:      layout_basic, minmay_quadrilaterals
D:4:      layout_loops_ring, nicolae_eternal_life, grunt_decor_cap,
          uniq_menkaure
D:5:      layout_gridville, minmay_temple_entry_wispy, serial_shops,
          nicolae_shop_behind_doors, nicolae_shop_bloodbath_and_beyond

Skill      XL: |  1  2  3  4  5  6  7 |
---------------+----------------------+-----
Fighting       | 1 2 |  2.0
Spellcasting   | 2 3 4 |  4.8
Poison Magic   | 6 7 |  7.8
Armour         | 2 |  2.0
Air Magic      | 1 |  1.6
Stealth        | |  3.6
Summonings     | |  1.0

Action                     |  1- 3 |  4- 6 |  7- 9 || total
---------------------------+-------+-------+-------++-------
  Melee: Club              |     6 |       |       ||     6
         Dagger            |    32 |    47 |     6 ||    85
   Cast: Sting             |    53 |    43 |    85 ||   181
         Poisonous Vapours |     8 |    19 |     2 ||    29
         Spider Form       |       |       |     1 ||     1
Ability: Shaft Self        |     1 |       |       ||     1
         Dig               |       |     5 |     1 ||     6
    Use: Potion            |     2 |     3 |       ||     5
         Scroll            |     1 |       |       ||     1
   Stab: Sleeping          |       |       |     1 ||     1
 Armour: Robe              |    14 |       |       ||    14
         Leather armour    |     3 |    15 |    26 ||    44
  Dodge: Dodged            |    53 |    36 |    28 ||   117
